 Dungeon Crawl Stone Soup version 0.31-a0-844-gdc52ec4e09 (webtiles) character file.

Game seed: 1940411945349815703

17142 Kurtz the Cleaver (level 12, -8/80 HPs)
             Began as an Octopode Fighter on Sept 30, 2023.
             Was an Initiate of Gozag.
             Mangled by a skyshark (9 damage)
             ... on level 1 of the Lair of Beasts.
             The game lasted 00:23:19 (15793 turns).

Kurtz the Cleaver (Octopode Fighter)               Turns: 15793, Time: 00:23:19

Health: -8/80      AC:  1    Str: 16    XL:     12   Next: 44%
Magic:  12/12      EV: 22    Int: 10    God:    Gozag
Gold:   2061       SH: 17    Dex: 18    Spells: 11/11 levels left

rFire   . . .        K - +4 hand axe of Kacsonom {heavy, rPois rCorr Dex+2}
rCold   . . .        t - +0 kite shield
rNeg    + . .        (helmet restricted)
rPois   +            d - amulet of reflection
rElec   .            l - ring of poison resistance
rCorr   +            r - +5 ring of evasion
SInv    .            k - ring of positive energy
Will    +....        I - ring of willpower
Stlth   ++++         Q - ring of wizardry
HPRegen 0.33/turn    R - ring of resist corrosion
MPRegen 0.13/turn    (no ring)
                     (no ring)

%: reflection, wizardry (x1)
@: mighty, gold aura
A: almost no armour, amphibious, 8 rings, camouflage 1, gelatinous body 1,
(nimble swimmer 1), tentacles
a: Renounce Religion, Potion Petition, Call Merchant, Bribe Branch


You were on level 1 of the Lair of Beasts.
You worshipped Gozag.
Gozag was most pleased with you.
You visited 2 branches of the dungeon, and saw 13 of its levels.
You also visited: Ossuary.

You collected 3064 gold pieces.
You spent 931 gold pieces at shops.
You paid 72 gold pieces to Gozag.

Inventory:

Hand Weapons
 a - a +0 war axe
 m - a +2 flail of protection
 K - the +4 hand axe of Kacsonom (weapon) {heavy, rPois rCorr Dex+2}
   (You found it on level 5 of the Dungeon)

   Dex+2:     It affects your dexterity (+2).
   rPois:     It protects you from poison rCorr: It protects you from acid and
   corrosion.
Missiles
 n - 2 curare-tipped darts
 F - 5 boomerangs
 L - 64 poisoned darts
Armour
 b - a +0 buckler
 t - a +0 kite shield (worn)
Jewellery
 d - an amulet of reflection (around mantle)
 k - a ring of positive energy (on tentacle)
 l - a ring of poison resistance (left tentacle)
 r - a +5 ring of evasion (right tentacle)
 I - a ring of willpower (on tentacle)
 O - an amulet of magic regeneration
 Q - a ring of wizardry (on tentacle)
 R - a ring of resist corrosion (on tentacle)
Wands
 H - a wand of polymorph (12) (quivered)
 J - a wand of roots (8)
 S - a wand of flame (11)
Scrolls
 f - 3 scrolls of amnesia
 g - 7 scrolls of teleportation
 h - 4 scrolls of enchant armour
 i - 4 scrolls of silence
 j - 2 scrolls of poison
 o - a scroll of summoning
 q - 2 scrolls of fog
 w - 3 scrolls of blinking {unknown}
 x - 2 scrolls of immolation
 y - 5 scrolls of enchant weapon {unknown}
 A - 4 scrolls of revelation
 B - 10 scrolls of noise
 C - 3 scrolls of vulnerability {unknown}
 D - 3 scrolls of fear
 P - a scroll of identify
Potions
 c - 2 potions of might
 e - a potion of haste
 p - a potion of cancellation
 s - 5 potions of magic
 u - 5 potions of mutation
 v - 2 potions of lignification {unknown}
 z - 4 potions of resistance
 E - 2 potions of enlightenment
 G - a potion of brilliance
 M - a potion of berserk rage
 N - a potion of curing


   Skills:
 + Level 6.5 Fighting
 * Level 14.4 Axes
 + Level 8.5 Dodging
 + Level 4.2 Stealth
 - Level 10.2 Shields


You had 11 spell levels left.
You didn't know any spells.
Your spell library contained the following spells:

 Spells                   Type           Power      Damage    Failure   Level
 Apportation              Tloc           0%         N/A       32%         1
 Sandblast                Erth           0%         2d4       32%         1
 Shock                    Conj/Air       0%         1d3       32%         1
 Lesser Beckoning         Tloc           0%         N/A       43%         2
 Passwall                 Tmut/Erth      0%         N/A       43%         2
 Poisonous Vapours        Pois/Air       0%         N/A       43%         2
 Frozen Ramparts          Ice            0%         1d1       65%         3
 Gell's Gravitas          Tloc           0%         N/A       65%         3
 Hailstorm                Conj/Ice       0%         3d3       65%         3
 Mephitic Cloud           Conj/Pois/Air  0%         N/A       65%         3
 Stone Arrow              Conj/Erth      0%         3d7       65%         3
 Swiftness                Air            0%         N/A       65%         3
 Teleport Other           Tloc           0%         N/A       65%         3
 Airstrike                Air            0%         2d(0-16)  95%         4
 Brom's Barrelling Bould  Conj/Erth      0%         2d3       95%         4
 Petrify                  Tmut/Erth      0%         N/A       95%         4
 Summon Ice Beast         Ice/Summ       0%         N/A       95%         4
 Summon Lightning Spire   Summ/Air       0%         N/A       95%         4
 Freezing Cloud           Conj/Ice/Air   0%         6-21      100%        5
 Lee's Rapid Deconstruct  Erth           0%         3d4*      100%        5
 Metabolic Englaciation   Hex/Ice        0%         N/A       100%        5
 Animate Armour           Summ/Erth      Unusable   N/A       N/A         4
 Simulacrum               Ice/Necr       Unusable   N/A       N/A         6

Dungeon Overview and Level Annotations

Branches:
Dungeon (12/15)            Temple (0/1) D:5            Lair (1/5) D:11
    Orc (0/2) D:10        Ossuary (visited)

Altars:
Cheibriados
Gozag
Nemelex Xobeh
Okawaru
Qazlal
Ru
Sif Muna
Trog
Xom
Yredelemnul
Zin

Shops:
D:7 ?*=   D:10 !

Annotations:
D:2 1 runed translucent door, Crazy Yiuf
D:7 1 runed translucent door, exclusion: door, Age's ghost, novice MiFi
D:9 exclusions: door and downstairs
D:11 2 exclusions
D:12 1 transporter


Innate Abilities, Weirdness & Mutations

You cannot wear most types of armour.
You are amphibious.
You can wear up to eight rings at the same time.
Your skin changes colour to match your surroundings (Stealth+).
Your rubbery body absorbs attacks. (AC +1, EV +1)
((You are camouflaged when in or above water. (Stealth+)))
You have tentacles for arms and can constrict up to eight enemies at once.


Message History

The icy flash freeze hits you!!
You are encased in ice.
The rime drake completely misses you.
You feel very mighty all of a sudden.
You block the skyshark's attack. x2; The skyshark misses you.
The rime drake barely misses you.
You miss the rime drake. You squeeze the rime drake!
The rime drake is almost dead.
You barely miss the skyshark. The ice encasing you melts away.
You block the rime drake's attack. The skyshark bites you!
The skyshark tastes blood and grows stronger!
The skyshark misses you. The skyshark completely misses you.
You slice the skyshark!!
Your tentacle-slap misses the skyshark.
Your squeeze misses the skyshark.
The skyshark is moderately wounded.
You slash the rime drake!
You kill the rime drake!
You block the skyshark's attack. x2; The skyshark completely misses you.
Unknown command.
You slash the skyshark! You squeeze the skyshark.
The skyshark is heavily wounded.
You block the skyshark's attack.
The skyshark tail-slaps you but does no damage.
The skyshark barely misses you.
You slice the skyshark!!
The skyshark is severely wounded.
The skyshark bites you!!
* * * LOW HITPOINT WARNING * * *
The skyshark enters a blood-rage!
You block the skyshark's attack. The skyshark misses you.
Unknown command.
You slash the skyshark! Your squeeze misses the skyshark.
The skyshark is almost dead.
The skyshark bites you!!
* * * LOW HITPOINT WARNING * * *
The skyshark completely misses you. The skyshark misses you.
You block the skyshark's attack. The skyshark tail-slaps you!
You die...
Your body crumbles into a pile of gold.

......# .......####
..........###
..........#P#
............#
............##
......$l....P#
.......@.....#
................#
.................#
..............(...#
.................P#
#.................#
...............###
#...........###
#..........#


You could see a skyshark (berserk).

Vanquished Creatures
  A two-headed ogre (D:10)
  A centaur warrior (D:11)
  Amaemon (D:8)
  Lodul (D:10)
  An ugly thing (D:11)
  An orange demon (D:8)
  2 rime drakes
  3 komodo dragons
  An unseen horror (D:10)
  A cane toad (Lair:1)
  4 trolls
  6 blink frogs (Lair:1)
  Sigmund (D:6)
  4 slime creatures (D:11)
  A spriggan (shapeshifter) (D:9)
  10 yaks
  A shadow (D:10)
  3 vampire mosquitoes (D:10)
  3 steam dragons
  4 water moccasins (Lair:1)
  An acid dragon (D:12)
  6 orc warriors
  2 sky beasts (D:7)
  A black bear (D:6)
  7 ice beasts
  11 ogres (D:10)
  10 wolves
  8 centaurs
  7 kobold brigands
  7 gnoll sergeants
  3 bullfrogs
  2 scorpions
  11 killer bees
  A howler monkey (D:7)
  2 human zombies (Ossuary)
  3 jellies
  4 hounds
  A gnoll bouda (D:5)
  An orc priest (D:8)
  A sleepcap (D:3)
  3 iguanas
  3 orc wizards (D:7)
  3 mummies (Ossuary)
  16 gnolls
  3 adders
  3 shadow imps
  A white imp (D:6)
  3 worms
  2 dart slugs (D:3)
  41 orcs
  8 ball pythons
  5 bats
  5 endoplasms
  2 giant cockroaches
  4 goblins (D:1)
  5 hobgoblins
  2 jackals (D:1)
  43 kobolds
  11 quokkas
  3 frilled lizards
  2 gnoll zombies (Ossuary)
  A goblin zombie (Ossuary)
  2 hobgoblin zombies (Ossuary)
  A kobold zombie (Ossuary)
  6 rats
317 creatures vanquished.

Vanquished Creatures (others)
  2 kobold brigands
  2 kobolds (D:8)
4 creatures vanquished.

Grand Total: 321 creatures vanquished

Notes
Turn   | Place    | Note
-------+----------+-------------------------------------------
     0 | D:1      | Kurtz the Octopode Fighter began the quest for the Orb.
     0 | D:1      | Reached XP level 1. HP: 16/16 MP: 1/1
    30 | D:1      | Reached XP level 2. HP: 16/21 MP: 2/2
   120 | D:1      | Reached skill level 3 in Axes
   261 | D:1      | Reached XP level 3. HP: 20/26 MP: 3/3
   367 | D:1      | Found a faded altar of an unknown god.
   375 | D:1      | Got a disorganized book
   810 | D:2      | Found a runed translucent door.
   811 | D:2      | Noticed Crazy Yiuf
  1075 | D:2      | Reached skill level 4 in Axes
  1303 | D:3      | You fall into a shaft and drop 2 floors!
  1303 | D:5      | Entered Level 5 of the Dungeon
  1470 | D:4      | Found a sand-covered staircase.
  1479 | Ossuary  | Entered an ossuary
  1569 | Ossuary  | Reached XP level 4. HP: 31/31 MP: 4/4
  1714 | Ossuary  | Reached skill level 5 in Axes
  1747 | Ossuary  | Reached XP level 5. HP: 36/36 MP: 5/5
  2238 | D:3      | Found a sparkling altar of Nemelex Xobeh.
  2535 | D:3      | Reached skill level 6 in Axes
  2568 | D:3      | Found an opulent altar of Gozag.
  2581 | D:3      | Became a worshipper of Gozag Ym Sagoz the Greedy
  2629 | D:3      | Reached XP level 6. HP: 36/42 MP: 6/6
  2685 | D:3      | Found a snail-covered altar of Cheibriados.
  3156 | D:4      | Identified the staff "Aduriywn" {rElec rF+ rC+ Ice}
  3601 | D:5      | Found a staircase to the Ecumenical Temple.
  3660 | D:5      | Reached skill level 7 in Axes
  3697 | D:5      | Reached XP level 7. HP: 35/46 MP: 7/7
  3968 | D:5      | Identified the +4 hand axe of Kacsonom {heavy, rPois rCorr
                  | Dex+2}
  4821 | D:6      | Reached skill level 8 in Axes
  4985 | D:6      | Reached XP level 8. HP: 21/52 MP: 8/8
  5293 | D:6      | Noticed Sigmund
  5323 | D:7      | Found a shimmering altar of Xom.
  5428 | D:7      | Found a runed translucent door.
  5428 | D:7      | Noticed Age's ghost (novice MiFi)
  5443 | D:7      | Found Utsapega's General Store.
  5451 | D:7      | Bought a scroll of fear for 56 gold pieces
  5451 | D:7      | Bought a scroll of identify for 28 gold pieces
  5455 | D:7      | Bought a potion of resistance for 140 gold pieces
  5455 | D:7      | Bought a potion of magic for 112 gold pieces
  5455 | D:7      | Bought a potion of heal wounds for 70 gold pieces
  5561 | D:7      | Found a sacrificial altar of Ru.
  5722 | D:7      | Found a basalt altar of Yredelemnul.
  5942 | D:7      | Reached skill level 9 in Axes
  6021 | D:7      | Found Enkauj's Jewellery Shoppe.
  6301 | D:7      | Found Bazxiowk's Magic Scroll Shop.
  6315 | D:7      | Bought a scroll of revelation for 105 gold pieces
  6591 | D:6      | Killed Sigmund
  6775 | D:6      | Found an iron altar of Okawaru.
  6784 | D:6      | Found a stormy altar of Qazlal.
  7247 | D:8      | Reached XP level 9. HP: 28/59 MP: 9/9
  7355 | D:8      | Found a glowing silver altar of Zin.
  7493 | D:8      | Reached skill level 10 in Axes
  7818 | D:9      | Reached skill level 5 in Shields
  8231 | D:9      | Noticed an ogre mage
  8712 | D:9      | Noticed a troll
  8894 | D:8      | Noticed Amaemon
  8903 | D:8      | Noticed an orange demon
  8905 | D:8      | Killed Amaemon
  8906 | D:8      | Reached XP level 10. HP: 42/65 MP: 10/10
  8911 | D:8      | Killed an orange demon
  9214 | D:8      | Reached skill level 10 in Shields
 10412 | D:9      | Found a shimmering blue altar of Sif Muna.
 10420 | D:9      | Found a bloodstained altar of Trog.
 10640 | D:9      | Reached skill level 5 in Fighting
 10640 | D:9      | Reached skill level 5 in Dodging
 10737 | D:10     | Entered Level 10 of the Dungeon
 10737 | D:10     | Noticed Lodul
 10846 | D:10     | Killed an unseen horror
 11002 | D:10     | Found a staircase to the Orcish Mines.
 11622 | D:10     | Reached skill level 11 in Axes
 11624 | D:10     | Reached XP level 11. HP: 62/72 MP: 11/11
 11624 | D:10     | Noticed a two-headed ogre
 11820 | D:10     | Killed Lodul
 12165 | D:10     | Killed a two-headed ogre
 12166 | D:10     | Reached skill level 12 in Axes
 12422 | D:10     | Found Ekess's Distillery.
 12432 | D:10     | Bought a potion of haste for 150 gold pieces
 12432 | D:10     | Bought a potion of cancellation for 120 gold pieces
 12432 | D:10     | Bought 2 potions of enlightenment for 150 gold pieces
 12902 | D:11     | Noticed a centaur warrior
 12913 | D:11     | Killed a centaur warrior
 13155 | D:11     | Reached skill level 1 in Stealth
 13481 | D:11     | Reached skill level 13 in Axes
 13913 | D:11     | Noticed a cyan ugly thing
 14141 | D:11     | Killed a cyan ugly thing
 14148 | D:11     | Reached XP level 12. HP: 63/79 MP: 12/12
 14261 | D:11     | Found a staircase to the Lair.
 14588 | D:12     | Found a transporter.
 14588 | D:12     | Noticed a boulder beetle
 14783 | Lair:1   | Entered Level 1 of the Lair of Beasts
 15265 | Lair:1   | Identified the +6 falchion of Descent {vamp, rC+ rN+ Str+2}
 15288 | Lair:1   | Reached skill level 14 in Axes
 15782 | Lair:1   | Noticed a skyshark
 15793 | Lair:1   | HP: 1/80 [skyshark (24)]
 15793 | Lair:1   | Mangled by a skyshark

Illustrated notes

Levels and vault maps discovered:
D:1:      dpeg_arrival_short_road, layout_rooms,
          shapermc_ecumenical_altar_rom_forum, minmay_tetromino_l2
D:2:      layout_loops_cross, uniq_crazy_yiuf_cottage
D:3:      layout_basic, nemelex_diamond_rough_becter, old_standard_altar,
          mainiacjoe_overflow_chevrons
D:4:      layout_loops_corners, lightli_ossuary_entry_decrepit_ruins
D:5:      layout_basic, minmay_temple_entry_offerings, serial_glass,
          glass_columns_c, glass_columns_a
D:6:      layout_cave_pods, mainiacjoe_overflow_swirl, serial_column_ruins,
          column_ruins_square_large, column_ruins_hut,
          column_ruins_columns_straight, column_ruins_grid_3,
          column_ruins_grid_1, column_ruins_open_tiny, uniq_sigmund
D:7:      layout_gridville, mainiacjoe_overflow_catwalk,
          yredelemnul_altar_generic, hangedman_ru_absence,
          gammafunk_ghost_grave, serial_shops, shop, shop,
          nicolae_take_the_stairs, minmay_crossroads
D:8:      layout_gridville, mainiacjoe_overflow_six_doors_small,
          chequers_serial_rivers_small_3, minmay_fractal_squares_5, uniq_amaemon
D:9:      layout_loops_corners, nicolae_overflow_hidden_temple,
          mainiacjoe_overflow_alcove_4, minmay_three_doors
D:10:     layout_roguey, kennysheep_orc_monster_closet_entryway, serial_shops,
          nicolae_shop_rolling_square, uniq_lodul
D:11:     layout_loops_ring, hellmonk_lair_entry_icy
D:12:     gammafunk_boulding_lane, layout_long_grid, serial_shops,
          kennysheep_mini, uniq_nergalle
Lair:1:   layout_cave_pods, serial_bayou_shore_a

Skill      XL: |  1  2  3  4  5  6  7  8  9 10 11 12 |
---------------+-------------------------------------+-----
Axes           | 3 4 5 6 7 8 9 10 11 13 14 | 14.4
Dodging        | 4 6 7 8 |  8.5
Fighting       | 4 5 6 |  6.5
Shields        | 8 10 | 10.2
Stealth        | 2 4 |  4.2

Action                     |  1- 3 |  4- 6 |  7- 9 | 10-12 || total
---------------------------+-------+-------+-------+-------++-------
  Melee: War axe           |    72 |   116 |   131 |       ||   319
         Constrict         |    24 |    35 |    52 |    55 ||   166
         Tentacles         |    14 |    22 |    59 |   111 ||   206
         Punch             |     1 |     1 |     2 |     7 ||    11
         Flail             |       |       |   111 |    75 ||   186
         Hand axe          |       |       |       |   396 ||   396
  Throw: Dart              |       |       |     2 |    41 ||    43
         Throwing net      |       |       |     1 |     1 ||     2
         Boomerang         |       |       |       |     3 ||     3
  Evoke: Wand              |       |       |    13 |    23 ||    36
    Use: Scroll            |     3 |       |     4 |     8 ||    15
         Potion            |       |       |     9 |     3 ||    12
   Stab: Sleeping          |     8 |     7 |     4 |     8 ||    27
         Invisible         |       |       |     1 |       ||     1
         Distracted        |       |       |       |     6 ||     6
 Armour: Skin              |    20 |    21 |   107 |   126 ||   274
  Dodge: Dodged            |    30 |    46 |   178 |   241 ||   495
  Block: Buckler           |    30 |    48 |    70 |       ||   148
         Reflection        |       |       |     8 |    19 ||    27
         Kite shield       |       |       |    83 |   363 ||   446

Table legend: (Time is in decaauts)
 A = Elapsed time spent in this place.
 B = Non-inter-level travel time spent in this place.
 C = Inter-level travel time spent in this place.
 D = Time resting spent in this place.
 E = Time spent auto-exploring this place.
 F = Levels seen in this place.
 G = Mean time per level.
                   A        B        C        D        E       F      G
               +--------+--------+--------+--------+--------+-----+--------+
         Total |  15972 |  15018 |    954 |   3813 |   8096 |  14 | 1140.9 |
       Dungeon |  14565 |  13612 |    953 |   3307 |   7505 |  12 | 1213.8 |
          Lair |   1012 |   1012 |      0 |    369 |    427 |   1 | 1012.0 |
       Ossuary |    394 |    394 |      0 |    137 |    164 |   1 |  394.0 |
               +--------+--------+--------+--------+--------+-----+--------+

Top non-repeatable levels by time:
    D:11: 1930 daAuts
    D:10: 1769 daAuts
     D:8: 1735 daAuts
     D:9: 1683 daAuts
     D:7: 1472 daAuts
     D:5: 1391 daAuts
     D:6: 1278 daAuts
  Lair:1: 1012 daAuts
     D:3: 948 daAuts
     D:4: 928 daAuts
     D:2: 774 daAuts
     D:1: 548 daAuts
 Ossuary: 394 daAuts
    D:12: 105 daAuts
